 Dungeon Crawl Stone Soup version 0.20-a0-493-g19c8d8d (webtiles) character file.

529 AlphabetPasta the Cudgeler (level 7, -1/66 HPs)
             Began as a Troll Warper on Jan 16, 2017.
             Slain by an ogre
             ... wielding a +0 giant club
              (22 damage)
             ... on level 4 of the Dungeon.
             The game lasted 00:15:30 (3142 turns).

AlphabetPasta the Cudgeler (Troll Warper)           Turns: 3142, Time: 00:15:31

Health: -1/66      AC:  5    Str: 20    XL:     7   Next: 3%
Magic:  17/18      EV: 10    Int: 11    God:
Gold:   199        SH:  0    Dex:  9    Spells: 0/10 levels left

rFire    . . .     SeeInvis .   j - +0 morningstar
rCold    + . .     Gourm    +   b - +0 robe
rNeg     . . .     Faith    .   (no shield)
rPois    .         Spirit   .   (helmet restricted)
rElec    .         Reflect  .   (no cloak)
rCorr    .         Harm     .   (gloves unavailable)
MR       .....                  (boots unavailable)
Stlth    +.........             (no amulet)
Regen    0.7/turn               g - ring of magical power
                                o - ring of protection from cold

@: no status effects
A: unfitting armour, claws 3, fast metabolism 3, gourmand, regeneration 1,
shaggy fur 1, tough skin 2
a: no special abilities


You were on level 4 of the Dungeon.
You were very full.

You visited 1 branch of the dungeon, and saw 4 of its levels.

You collected 199 gold pieces.

Inventory:

Hand Weapons
 a - a +1 mace
 j - a +0 morningstar (weapon)
Armour
 b - a +0 robe (worn)
Jewellery
 g - a ring of magical power (right claw)
 o - a ring of protection from cold (left claw)
 r - a cursed ring of loudness {unknown}
Scrolls
 d - a scroll of blinking
 m - a scroll of recharging
 p - a scroll of teleportation
Potions
 e - a potion of brilliance {unknown}
 h - a potion of flight {unknown}
 n - a potion of magic
 s - a potion of cure mutation
Books
 c - a book of Spatial Translocations

   Spells                             Type                      Level
   a - Blink                          Translocation                2
   b - Shroud of Golubria             Charms/Translocation         2
   c - Lesser Beckoning               Translocation                3
   d - Portal Projectile              Translocation                3
   e - Teleport Other                 Translocation                3
   f - Passage of Golubria            Translocation                4
Comestibles
 f - 3 bread rations
 i - a slice of pizza
 l - 2 meat rations
 t - a beef jerky


   Skills:
 + Level 2.7 Fighting
 * Level 3.7 Maces & Flails
 + Level 2.3 Throwing
 + Level 1.2 Armour
 + Level 2.7 Dodging
 + Level 2.0 Spellcasting
 * Level 3.2 Translocations


You couldn't memorise any spells.
You knew the following spells:

 Your Spells              Type           Power        Failure   Level  Hunger
a - Blink                 Tloc           N/A          14%         2    ###....
b - Shroud of Golubria    Chrm/Tloc      #.........   24%         2    ###....
c - Lesser Beckoning      Tloc           #.........   24%         3    ####...
d - Portal Projectile     Tloc           #.....       24%         3    ####...


Dungeon Overview and Level Annotations

Branches:
Dungeon (4/15)
 Temple: D:4-7

Altars:
Gozag
Trog
The Shining One


Innate Abilities, Weirdness & Mutations

You are too large for most types of armour.
You have claws for hands.
Your metabolism is lightning-fast.
You like to eat raw meat.
Your natural rate of healing is unusually fast.
You are covered in fur. (AC +1)
You have very tough skin. (AC +2)


Message History

Found a stone staircase leading up.
Found 14 gold pieces.
Casting: Shroud of Golubria
Confirm with . or Enter, or press ? or * to list all spells.
Space distorts slightly along a thin shroud covering your body.
You barely miss the ogre. The ogre barely misses you.
You puncture the ogre!
The ogre is moderately wounded.
The ogre misses you.
You barely miss the ogre.
The ogre is moderately wounded.
The ogre hits you with a giant club!!
Your shroud falls apart!
You hit the ogre but do no damage.
The ogre is moderately wounded.
The ogre hits you with a giant club!!
You sock the ogre!
The ogre is heavily wounded.
The ogre hits you with a giant club!!
You die...

####._.##.####
#.........# #
#..####.#.# .
#.#####.#.##.
#.#...[.....
##'#.####.#.#
#......<..#<#
#....#.##..#
#......##.@#
#....####.O.....$.
#....# #.#..#####
#....# #.#..#
#....# #....#
#....# ###...
#....# .... #....#
..... #....#


You could see an ogre.

Vanquished Creatures
  Grinder (D:3)
  A phantom (D:4)
  A crimson imp (D:4)
  Jessica (D:3)
  Terence (D:2)
  Natasha (thrice) (D:3)
  An adder (D:2)
  An adder skeleton (D:4)
  2 worms (D:2)
  3 dart slugs
  4 leopard geckos
  11 orcs (D:3)
  A ball python (D:1)
  5 giant cockroaches
  11 goblins
  6 hobgoblins
  2 jackals (D:2)
  4 bats
  3 frilled lizards
  5 kobolds
  A quokka skeleton (D:4)
  5 rats
73 creatures vanquished.

Notes
Turn   | Place    | Note
-------+----------+-------------------------------------------
     0 | D:1      | AlphabetPasta the Troll Warper began the quest for the Orb.
     0 | D:1      | Reached XP level 1. HP: 19/19 MP: 1/1
   108 | D:1      | Reached skill level 1 in Throwing
   221 | D:1      | Reached XP level 2. HP: 18/27 MP: 2/2
   829 | D:1      | Reached XP level 3. HP: 33/35 MP: 4/4
   964 | D:2      | Learned a level 2 spell: Blink
   967 | D:2      | Learned a level 2 spell: Shroud of Golubria
  1201 | D:2      | Found a glowing golden altar of the Shining One.
  1390 | D:2      | Found an opulent altar of Gozag.
  1471 | D:2      | Noticed Terence
  1501 | D:2      | Killed Terence
  1501 | D:2      | Reached XP level 4. HP: 35/42 MP: 5/5
  1958 | D:3      | Noticed Jessica
  1968 | D:3      | Killed Jessica
  1992 | D:3      | Noticed Natasha
  1998 | D:3      | Killed Natasha
  1998 | D:3      | Reached XP level 5. HP: 43/49 MP: 6/6
  2016 | D:3      | Noticed Natasha
  2024 | D:3      | Killed Natasha
  2041 | D:3      | Noticed Grinder
  2354 | D:3      | Paralysed by Grinder for 3 turns
  2384 | D:3      | Killed Grinder
  2384 | D:3      | Reached skill level 1 in Armour
  2384 | D:3      | Reached XP level 6. HP: 32/59 MP: 7/7
  2438 | D:3      | Noticed Natasha
  2578 | D:3      | Killed Natasha
  3069 | D:4      | Found a bloodstained altar of Trog.
  3120 | D:4      | Reached XP level 7. HP: 57/66 MP: 9/9
  3125 | D:4      | Learned a level 3 spell: Lesser Beckoning
  3129 | D:4      | Learned a level 3 spell: Portal Projectile
  3142 | D:4      | Slain by an ogre

Vault maps used:
D:1:      lightli_arrival_flooded_house
D:2:      old_standard_altar, nicolae_overflow_crystal_walls, serial_forest,
          infiniplex_forest_straight_2, infiniplex_forest_straight_3,
          infiniplex_forest_straight_5, infiniplex_forest_clump_tiny,
          infiniplex_forest_clump_diagonal, infiniplex_forest_lined_1,
          infiniplex_forest_lined_corner, uniq_terence
D:3:      uniq_natasha, uniq_grinder, uniq_jessica
D:4:      kennysheep_mini_moat, bloody_trog, kennysheep_opposing_triangles

Skill      XL: |  1  2  3  4  5  6 |
---------------+-------------------+-----
Throwing       | 1 2 |  2.3
Dodging        | 2 |  2.7
Maces & Flails | 2 3 |  3.7
Fighting       | 2 |  2.7
Armour         | 1 |  1.2
Translocations | 3 |  3.2
Spellcasting   | 2 |  2.0

Action                   |  1- 3 |  4- 6 |  7- 9 || total
-------------------------+-------+-------+-------++-------
Melee: Mace              |   136 |   109 |       ||   245
       Morningstar       |       |    49 |     5 ||    54
Throw: Tomahawk          |       |     5 |       ||     5
 Cast: Shroud of Golubri |     1 |     3 |     1 ||     5
  Use: Scroll            |    10 |     4 |       ||    14
       Potion            |       |     5 |       ||     5
 Stab: Sleeping          |     2 |     1 |       ||     3
       Invisible         |       |     1 |       ||     1
  Eat: Chunk             |    20 |    14 |       ||    34
Armor: Robe              |    50 |    51 |       ||   101
Dodge: Dodged            |    49 |    91 |     2 ||   142
